AoeStats
← яблоко

Arabia

507126098Analyzed
1v1 RM · 14d ago on Sep 16, 2026· 32m 36s· 2 players
Game mode
Random Map
Map size
Tiny (2 player)
Population
200
Speed
Normal
Resources
Standard
Victory
Conquest
Starting age
Dark Age
Ending age
Imperial Age
RankedLock teamsTeams togetherTeam positionsShared explorationLock speedFull tech treeHidden civsTurbo modeCheats
Victory
Defeat
🇺🇸 Poles · United States
984
+15
🇨🇴 Aztecs · Colombia
965
-15
JeiDeSAI
8:18 Loom
12:16 Feudal Age
12:54 Man-at-Arms
23:34 Castle Age
23:18 Forging
23:12 Scale Mail Armor
23:39 Pikeman
26:45 Long Swordsman
яблоко
7:08 Loom
10:09 Feudal Age
10:41 Double-Bit Axe
10:38 Horse Collar
12:17 Wheelbarrow
20:43 Castle Age
21:44 Scale Barding Armor
21:42 Town Watch
22:16 Bow Saw
22:51 Bloodlines
23:37 Forging
26:52 Hand Cart
31:40 Iron Casting
Connection lost

Rejoining the realm…

Still unreachable

The connection could not be restored.

Session expired

The server has moved on; the page needs a fresh start.